 Dungeon Crawl Stone Soup version 0.30-a0-42-g806c11bf1d (webtiles) character file.

Game seed: 12724922803468708192

63 Newt the Cutter (level 3, -4/27 HPs)
             Began as a Demonspawn Gladiator on Aug 30, 2022.
             Killed by divine providence
             ... invoked by an orc priest
              (9 damage)
             ... on level 3 of the Dungeon.
             The game lasted 00:01:59 (1761 turns).

Newt the Cutter (Demonspawn Gladiator)              Turns: 1761, Time: 00:02:00

Health: -4/27      AC:  5    Str: 14    XL:     3   Next: 87%
Magic:  3/3        EV: 12    Int:  9    God:
Gold:   130        SH:  0    Dex: 16    Spells: 1/2 levels left

rFire   . . .      SeeInvis .    g - +1 short sword (drain)
rCold   . . .      Faith    .    (no shield)
rNeg    . . .      Spirit   .    b - +1 leather armour
rPois   +          Reflect  .    c - +0 helmet
rElec   .          Harm     .    (no cloak)
rCorr   .          Rampage  .    (no gloves)
Will    .....                    (no boots)
Stlth   ++........               (no amulet)
HPRegen 0.09/turn                f - ring of poison resistance
MPRegen 0.08/turn                (no ring)

@: mighty
A: claws 1, powered by pain 1
a: no special abilities


You were on level 3 of the Dungeon.
You visited 1 branch of the dungeon, and saw 3 of its levels.

You collected 130 gold pieces.

Inventory:

Hand Weapons
 a - a +0 rapier
 g - a +1 short sword of draining (weapon)
Missiles
 d - 2 throwing nets
 e - a javelin
 i - 3 poisoned darts (quivered)
 q - 5 boomerangs
Armour
 b - a +1 leather armour (worn)
 c - a +0 helmet (worn)
Jewellery
 f - a ring of poison resistance (left claw)
Scrolls
 h - a scroll of teleportation
 m - a scroll of immolation {unknown}
Potions
 j - a potion of curing
 l - a potion of berserk rage {unknown}


   Skills:
 - Level 2.0 Fighting
 + Level 3.9 Short Blades
 - Level 1.7 Throwing
 - Level 2.6 Dodging
 - Level 2.0 Stealth


You had one spell level left.
You knew the following spells:

 Your Spells              Type           Power      Damage    Failure   Level
a - Summon Small Mammal   Summ           0%         N/A       45%         1

Your spell library contained the following spells:

 Spells                   Type           Power      Damage    Failure   Level
 Apportation              Tloc           0%         N/A       45%         1
 Necrotise                Necr           0%         1d4       45%         1


Dungeon Overview and Level Annotations

Branches:
Dungeon (3/15)

Altars:


Innate Abilities, Weirdness & Mutations

You have sharp fingernails.
You sometimes gain a little power by taking damage.


Message History

You feel invigorated. The orc hits you but does no damage.
The orc barely misses you.
Unknown command.
You barely miss the orc. The orc closely misses you.
An orc comes into view. It is wielding a +0 hand axe.
You closely miss the orc. You closely miss the orc.
The orc priest invokes the aid of Beogh against you.
Beogh smites you!
Ouch! That really hurt!
You focus on the pain.
You feel very mighty all of a sudden. The orc completely misses you.
The orc closely misses you.
You bump into the rock wall.
You feel less invigorated.
You feel less confused.
The orc priest casts a cantrip, but nothing happens.
The orc misses you. The orc closely misses you.
Unknown command.
You barely miss the orc.
The orc hits you from afar with a +0 trident!
The orc hits you with a +0 club.
* * * LOW HITPOINT WARNING * * *
Unknown command.
The orc grunts noisily.
The orc hits you with a +0 club.
* * * LOW HITPOINT WARNING * * *
Unknown command.
Unknown command.
The orc closely misses you. The orc hits you but does no damage.
You see here a dart slug corpse.
Throw: 4 darts (poison)
Press: ? - help, Q - select action, (/) - cycle Shift-Dir - straight line, f - orc priest
Aim: an orc priest, wielding a +0 whip (60% to hit)
You throw a poisoned dart. The poisoned dart hits the orc priest.
The orc priest is poisoned.
The orc hits you with a +0 club.
* * * LOW HITPOINT WARNING * * *
The orc priest mumbles some strange prayers to Beogh against you.
Beogh smites you!
You die...

##......# #
#.....#######.#
#..#.^###)....##
#.###.##.......#
#..#..##..####.#
##....o##..###
#........$...#
#..#.#†#..##.#
#..#@#.#oo# .#
....#.o.#o... .
..#..##..#.###.##
.#.... ...#.# #
..#.>......#
##.#.... #.#####
#. ..


You could see an orc priest (poisoned) and an orc.

Vanquished Creatures
  A gnoll (D:1)
  2 dart slugs
  2 orcs (D:3)
  6 ball pythons
  3 endoplasms
  3 giant cockroaches
  5 goblins
  6 hobgoblins (D:1)
  2 kobolds (D:1)
  4 quokkas (D:1)
  3 bats (D:1)
  3 rats (D:1)
40 creatures vanquished.

Notes
Turn   | Place    | Note
-------+----------+-------------------------------------------
     0 | D:1      | Newt the Demonspawn Gladiator began the quest for the Orb.
     0 | D:1      | Reached XP level 1. HP: 16/16 MP: 1/1
   115 | D:1      | Reached skill level 1 in Stealth
   166 | D:1      | Gained mutation: You have sharp fingernails. [demonic
                  | ancestry]
   166 | D:1      | Reached XP level 2. HP: 14/22 MP: 2/2
   176 | D:1      | Reached skill level 3 in Short Blades
   587 | D:1      | Gained mutation: You sometimes gain a little power by
                  | taking damage. [demonic ancestry]
   587 | D:1      | Reached XP level 3. HP: 18/27 MP: 3/3
  1377 | D:2      | Learned a level 1 spell: Summon Small Mammal
  1761 | D:3      | Killed from afar by an orc priest

Illustrated notes

Levels and vault maps discovered:
D:1:      spicycebolla_arrival_clurvy, layout_loops_cross
D:2:      layout_rooms
D:3:      layout_loops_cross

Skill      XL: |  1  2 |
---------------+-------+-----
Stealth        | 1 2 |  2.0
Short Blades   | 3 |  3.9
Fighting       | |  2.0
Throwing       | |  1.7
Dodging        | |  2.6

Action                   || total
-------------------------++-------
Melee: Rapier            ||    13
       Short sword       ||    80
       Punch             ||     1
Throw: Throwing net      ||     1
       Dart              ||     1
  Use: Scroll            ||     7
       Potion            ||     1
 Stab: Sleeping          ||     8
       Held in net/web   ||     1
Armor: Leather armour    ||    24
Dodge: Dodged            ||    49

Table legend: (Time is in decaauts)
 A = Elapsed time spent in this place.
 B = Non-inter-level travel time spent in this place.
 C = Inter-level travel time spent in this place.
 D = Time resting spent in this place.
 E = Time spent auto-exploring this place.
 F = Levels seen in this place.
 G = Mean time per level.
                   A        B        C        D        E       F      G
               +--------+--------+--------+--------+--------+-----+--------+
         Total |   1755 |   1715 |     40 |    330 |   1106 |   3 |  585.0 |
       Dungeon |   1755 |   1715 |     40 |    330 |   1106 |   3 |  585.0 |
               +--------+--------+--------+--------+--------+-----+--------+

Top non-repeatable levels by time:
     D:1: 1187 daAuts
     D:2: 468 daAuts
     D:3: 100 daAuts
